 Dungeon Crawl Stone Soup version 0.30-a0-830-gfe289a77b0 (webtiles) character file.

Game seed: 9326226700193219030

1849 arthad the Trooper (level 9, -8/66 HPs)
             Began as a Djinni Fire Elementalist on Mar 1, 2023.
             Was an Initiate of Makhleb.
             Mangled by a wight
             ... wielding a +1 halberd
              (14 damage)
             ... on level 5 of the Dungeon.
             The game lasted 00:15:38 (4139 turns).

arthad the Trooper (Djinni Fire Elementalist)       Turns: 4139, Time: 00:15:39

Health: -8/66      AC:  5    Str:  7    XL:     9   Next: 34%
Gold:   346        EV: 14    Int: 22    God:    Makhleb [......] SH:  0 Dex: 13

rFire   + + .      SeeInvis .    (no weapon)
rCold   x . .      Faith    .    (no shield)
rNeg    . . .      Spirit   .    a - +0 robe
rPois   ∞          Reflect  .    h - +0 helmet
rElec   .          Harm     .    (no cloak)
rCorr   .          Rampage  .    v - +1 pair of gloves
Will    .....                    (boots unavailable)
Stlth   +++                      (no amulet)
HPRegen 0.31/turn                (no ring)
MPRegen 0.00/turn                (no ring)

@: flying
A: sickness immunity, fire resistance 2, cold vulnerability 1, float, innate
caster, HP casting, extra vitality 1
a: Renounce Religion


You were on level 5 of the Dungeon.
You worshipped Makhleb.
Makhleb was noncommittal.
You visited 1 branch of the dungeon, and saw 6 of its levels.

You collected 346 gold pieces.

Inventory:

Hand Weapons
 g - a +4 short sword
 n - a +2 flail of holy wrath
 y - a +1 whip of flaming
Missiles
 c - 3 curare-tipped darts
 z - 6 poisoned darts
Armour
 a - a +0 robe (worn)
 h - a +0 helmet (worn)
 p - the +1 ring mail "Wokhli" {+Blink rN++ Str-3 Slay+3}
   (You found it on level 2 of the Dungeon)

   Str:       It affects your strength (-3).
   Slay:      It affects your accuracy & damage with ranged weapons and melee
   (+3).
   rN:        It greatly protects you from negative energy.
   +Blink:    It lets you blink.
 s - a +0 leather armour of cold resistance
 v - a +1 pair of gloves (worn)
Jewellery
 r - an amulet of faith
 t - an amulet of magic regeneration
Scrolls
 b - 8 scrolls of identify {unknown}
 d - 2 scrolls of fear {unknown}
 e - 2 scrolls of teleportation {unknown}
 f - 3 scrolls of fog {unknown}
 i - 5 scrolls of noise {unknown}
 k - a scroll of torment {unknown}
 l - 2 scrolls of magic mapping {unknown}
 m - a scroll of amnesia {unknown}
 o - a scroll of poison {unknown}
 w - a scroll of enchant armour {unknown}
Potions
 j - 3 potions of haste
 q - a potion of resistance {unknown}
 u - 2 potions of flight {unknown}
 x - a potion of degeneration {unknown}
 A - a potion of curing


   Skills:
 * Level 6.2 Fighting
 + Level 5.2 Dodging
 + Level 4.2 Stealth
 * Level 5.4 Spellcasting
 * Level 3.2 Invocations


You knew the following spells:

 Your Spells              Type           Power      Damage    Failure   Level
a - Foxfire               Conj/Fire      100%       2x1d9     1%          1
b - Scorch                Fire           58%        2d7       1%          2
c - Kindle Blastsparks    Fire/Tloc/Air  58%        2d14      3%          3
d - Inner Flame           Hex/Fire       29%        N/A       3%          3
e - Flame Wave            Conj/Fire      29%        2d9       11%         4
f - Necrotise             Necr           100%       1d9       1%          1
g - Passwall              Tmut/Erth      24%        N/A       1%          2
h - Frozen Ramparts       Ice            58%        1d9       3%          3
i - Animate Armour        Summ/Erth      58%        N/A       11%         4
Your spell library was empty.

Dungeon Overview and Level Annotations

Branches:
Dungeon (6/15)
 Temple: D:4-7

Altars:
Hepliaklqana
Makhleb
Trog
Yredelemnul

Shops:
D:1 [[?


Innate Abilities, Weirdness & Mutations

You are immune to sickness and miasma.
You are immune to poison.
Your flesh is very heat resistant. (rF++)
You are vulnerable to cold. (rC-)
You float through the air rather than walking.
You learn spells naturally, not from books.
Your magical power is your life essence.
You have superior vitality. (+4 MHP)


Message History

* * * LOW HITPOINT WARNING * * *
The orc wizard hits you but does no damage.
A wight comes into view. It is wielding a +4 hand axe.
Casting: Foxfire (safe; 1% risk of failure)
Confirm with . or Enter, or press ? or * to list all spells.
Flames lash the orc wizard.
The orc wizard is burned terribly!
You kill the orc wizard!
Makhleb accepts your kill.
* * * LOW HITPOINT WARNING * * *
The foxfire hits the wight but does no damage. x2
The wight barely misses you.
Casting: Scorch (safe; 1% risk of failure)
Confirm with . or Enter, or press ? or * to list all spells.
Flames lash the wight.
The wight is heavily damaged.
The wight's fire resistance burns away.
* * * LOW HITPOINT WARNING * * *
The wight hits you with a +4 hand axe.
* * * LOW HITPOINT WARNING * * *
Casting: Scorch (safe; 1% risk of failure)
Confirm with . or Enter, or press ? or * to list all spells.
You conjure some foxfire!
* * * LOW HITPOINT WARNING * * *
The wight hits you with a +4 hand axe.
* * * LOW HITPOINT WARNING * * *
The wight closely misses your foxfire. The wight attacks as you move away!
The wight hits you with a +4 hand axe.
* * * LOW HITPOINT WARNING * * *
The wight hits your foxfire with a +4 hand axe.
The foxfire hits the wight!
The wight is burned terribly!
The wight is almost destroyed.
The foxfire hits the wight.
The wight is burned terribly!
You destroy the wight!
Makhleb accepts your kill.
You see here a +0 club.
Things that are here:
a +2 scimitar; a +0 robe A wight comes into view.
It is wielding a +1 halberd.
The wight hits you from afar with a +1 halberd!
You die...

...# #####...###
#.......... #.......... ##
#).)....... ..##
#.)....... .....
.z###)....### ......##
#.#.##...# ....#.#### #@##
...#
..........######.#######
#.#...................####
#.#.....#.######..........
#.#..)............###.....
#.#..<..#.#######.# #..###
#.#....## ###.###..#
#.#.##.# #.....#..#
....##.# ##.....#..#


You could see a wight.

Vanquished Creatures
  Pikel (D:5)
  A water moccasin (D:6)
  An ice beast (D:3)
  A black bear (D:5)
  An ogre (D:6)
  A lemure (D:5)
  3 phantoms
  2 wights (D:5)
  3 hounds
  A jelly (D:5)
  2 orc priests
  Terence (D:2)
  Natasha (twice) (D:2)
  3 iguanas
  5 orc wizards (D:5)
  8 gnolls
  5 adders
  A white imp (D:6)
  2 ufetubi
  2 worms
  A dart slug (D:1)
  16 orcs
  7 ball pythons
  2 endoplasms
  4 giant cockroaches
  8 goblins
  11 hobgoblins
  4 kobolds
  2 quokkas (D:1)
  2 bats (D:1)
  2 frilled lizards
  5 rats
110 creatures vanquished.

Vanquished Creatures (others)
  337 foxfires
337 creatures vanquished.

Grand Total: 447 creatures vanquished

Notes
Turn   | Place    | Note
-------+----------+-------------------------------------------
     0 | D:1      | arthad the Djinni Fire Elementalist began the quest for the
                  | Orb.
     0 | D:1      | arthad set off with the following spells memorised:
                  | Foxfire, Scorch, Kindle Blastsparks, Inner Flame, Flame
                  | Wave.
     0 | D:1      | Reached XP level 1. HP: 15/15 MP: 0/0
    69 | D:1      | Found Qitob's Armour Shoppe.
    81 | D:1      | Found Boed's Magic Scroll Shop.
    94 | D:1      | Found Wunuhono's Antique Armour Boutique.
   170 | D:1      | Reached XP level 2. HP: 22/22 MP: 0/0
   281 | D:1      | Reached skill level 1 in Fighting
   402 | D:1      | Reached XP level 3. HP: 25/27 MP: 0/0
   402 | D:1      | Learned a level 1 spell: Necrotise
   426 | D:1      | Found a faded altar of an unknown god.
   963 | D:2      | Noticed Terence
   969 | D:2      | Killed Terence
   970 | D:2      | Reached skill level 2 in Fighting
   970 | D:2      | Reached XP level 4. HP: 29/33 MP: 0/0
  1016 | D:2      | Identified the +1 ring mail "Wokhli" {+Blink rN++ Str-3
                  | Slay+3}
  1079 | D:2      | Noticed Natasha
  1085 | D:2      | Killed Natasha
  1180 | D:2      | Reached XP level 5. HP: 31/38 MP: 0/0
  1180 | D:2      | Learned a level 2 spell: Passwall
  1269 | D:2      | Noticed Natasha
  1272 | D:2      | Killed Natasha
  1425 | D:3      | Noticed an ice beast
  1435 | D:3      | Killed an ice beast
  1436 | D:3      | Reached skill level 3 in Fighting
  1436 | D:3      | Reached XP level 6. HP: 12/46 MP: 0/0
  1669 | D:3      | Found a hazy altar of Hepliaklqana.
  1673 | D:3      | You are sucked into a shaft and drop 3 floors!
  1684 | D:6      | Noticed a water moccasin
  1690 | D:6      | Killed a water moccasin
  1822 | D:6      | Reached XP level 7. HP: 38/51 MP: 0/0
  1822 | D:6      | Learned a level 3 spell: Frozen Ramparts
  1843 | D:6      | Reached skill level 4 in Fighting
  1931 | D:6      | Noticed a water moccasin
  1954 | D:5      | Entered Level 5 of the Dungeon
  2732 | D:4      | Reached XP level 8. HP: 48/58 MP: 0/0
  2844 | D:4      | Reached skill level 5 in Fighting
  3111 | D:4      | Found a basalt altar of Yredelemnul.
  3112 | D:4      | Found a bloodstained altar of Trog.
  3113 | D:4      | Found a burning altar of Makhleb.
  3125 | D:4      | Became a worshipper of Makhleb the Destroyer
  3664 | D:5      | Noticed Pikel
  3680 | D:5      | Killed Pikel
  3681 | D:5      | Reached skill level 5 in Spellcasting
  3681 | D:5      | Reached XP level 9. HP: 40/66 MP: 0/0
  3681 | D:5      | Learned a level 4 spell: Animate Armour
  3845 | D:5      | Reached skill level 5 in Dodging
  3985 | D:5      | Reached skill level 6 in Fighting
  4139 | D:5      | Mangled by a wight

Illustrated notes

Levels and vault maps discovered:
D:1:      amcnicky_arrival_flooded_fountain, layout_basic, serial_shops, shop,
          shop_fountains, shop, dreamdust_ecumenical_altar_angels_and_demons,
          st_stairs_11, grunt_decor_one_mirror
D:2:      layout_rooms, basic_altar, uniq_natasha, uniq_terence
D:3:      layout_basic, lemuel_crystal_altar
D:4:      layout_loops_cross, minitemple, grunt_ministairs_3,
          serial_bayou_crossing
D:5:      layout_loops_ring, uniq_crazy_yiuf_cottage, uniq_pikel
D:6:      layout_basic, minmay_temple_entry_glassed_door, uniq_blork_the_orc,
          uniq_maggie, uniq_menkaure

Skill      XL: |  1  2  3  4  5  6  7  8  9 |
---------------+----------------------------+-----
Fighting       | 1 2 3 4 5 6 |  6.2
Stealth        | 2 3 4 |  4.2
Spellcasting   | 3 4 5 |  5.4
Dodging        | 3 4 5 |  5.2
Invocations    | 2 3 |  3.2

Action                     |  1- 3 |  4- 6 |  7- 9 || total
---------------------------+-------+-------+-------++-------
  Melee: Unarmed           |       |       |     5 ||     5
   Cast: Foxfire           |    44 |    57 |   112 ||   213
         Scorch            |     1 |     5 |    40 ||    46
         Necrotise         |       |       |     6 ||     6
         Frozen Ramparts   |       |       |     2 ||     2
         Kindle Blastspark |       |       |     5 ||     5
    Use: Potion            |       |       |     3 ||     3
 Armour: Robe              |       |       |    26 ||    26
  Dodge: Dodged            |     6 |     1 |    46 ||    53

Table legend: (Time is in decaauts)
 A = Elapsed time spent in this place.
 B = Non-inter-level travel time spent in this place.
 C = Inter-level travel time spent in this place.
 D = Time resting spent in this place.
 E = Time spent auto-exploring this place.
 F = Levels seen in this place.
 G = Mean time per level.
                   A        B        C        D        E       F      G
               +--------+--------+--------+--------+--------+-----+--------+
         Total |   4116 |   4012 |    104 |    265 |   3030 |   6 |  686.0 |
       Dungeon |   4116 |   4012 |    104 |    265 |   3030 |   6 |  686.0 |
               +--------+--------+--------+--------+--------+-----+--------+

Top non-repeatable levels by time:
     D:4: 950 daAuts
     D:3: 920 daAuts
     D:1: 783 daAuts
     D:2: 633 daAuts
     D:5: 548 daAuts
     D:6: 280 daAuts
